 Dungeon Crawl Stone Soup version 0.17-a0-1976-g482a304 (webtiles) character file.

181275 Ordine the Warrior (level 17, -4/202 HPs)
             Began as a Minotaur Berserker on Oct 4, 2015.
             Was the Champion of Trog.
             Hit by a javelin of penetration thrown by a merfolk javelineer (24 damage)
             ... on level 3 of the Shoals on Oct 5, 2015.
             The game lasted 02:28:35 (30276 turns).

Ordine the Warrior (Minotaur Berserker)            Turns: 30276, Time: 02:28:36

Health: -4/202     AC: 25    Str: 37      XL:     17   Next: 67%
Magic:  19/19      EV: 23    Int:  3 (4)  God:    Trog [******]
Gold:   2021       SH:  0    Dex: 18      Spells: 0 memorised, 16 levels left

rFire  . . .     SeeInvis +     p - +12 great mace "Gieptah" {elec, rC+ Str+2}
rCold  + + +     Clarity  .     I - +1 chain mail of the Devil's Advocate {Regen+ SInv}
rNeg   . . .     SustAt   .     (no shield)
rPois  +         Gourm    +     (helmet restricted)
rElec  .         Spirit   .     v - +1 cloak {rPois}
rCorr  .         Warding  .     r - +2 pair of gloves {Dex+3}
rMut   .         NoTele   +     J - +2 pair of boots of Hairiness {-Tele rPois rC++ Str+2}
MR     +....                    U - amulet of the gourmand
Stlth  ..........               X - +2 ring of slaying
                                K - ring "Kinuiney" {+Fly rC+ Str+2}

@: berserking (expiring), flying, glowing, very quick, somewhat resistant to
hostile enchantments, extremely unstealthy
A: retaliatory headbutt, hooves 1, horns 2, repulsion field 1, deterioration 1,
frail 2, sense surroundings 1, shaggy fur 1, spit poison 1, strong 1
a: Spit Poison, Burn Spellbooks, Berserk, Trog's Hand, Brothers in Arms,
Renounce Religion, Stop Flying


You were on level 3 of the Shoals.
You worshipped Trog.
Trog was exalted by your worship.
You were very full.

You visited 5 branches of the dungeon, and saw 31 of its levels.
You also visited: Labyrinth, Bailey, Ice Cave and Volcano.

You collected 3370 gold pieces.
You spent 1349 gold pieces at shops.

Inventory:

Hand Weapons
 c - the +11 dagger of Crystal {venom, rElec Int+4}
   (You found it on level 1 of the Shoals)

   It poisons the flesh of those it strikes.
   It affects your intelligence (+4).
   It insulates you from electricity.
 p - the +12 great mace "Gieptah" (weapon) {elec, rC+ Str+2}
   (Trog gifted it to you on level 1 of the Shoals)

   Occasionally, upon striking a foe, it will discharge some electrical energy
   and cause terrible harm.
   It affects your strength (+2).
   It protects you from cold.
 t - the +9 dire flail of the Feather {freeze, +Fly Str+7 Dex+3}
   (Trog gifted it to you on level 13 of the Dungeon)

   It has been specially enchanted to freeze those struck by it, causing extra
   injury to most foes and up to half again as much damage against particularly
   susceptible opponents.
   It can also slow down cold-blooded creatures.
   It affects your strength (+7).
   It affects your dexterity (+3).
   It lets you fly.
 u - a +3 demon whip
Armour
 k - a +0 large shield
 r - a +2 pair of gloves of dexterity (worn)
 v - a +1 cloak of poison resistance (worn)
 x - a +0 buckler
 I - the +1 chain mail of the Devil's Advocate (worn) {Regen+ SInv}
   (You bought it in a shop on level 9 of the Dungeon)

   It lets you see invisible.
   It increases your rate of regeneration.
 J - the +2 pair of boots of Hairiness (worn) {-Tele rPois rC++ Str+2}
   (You bought it in a shop on level 9 of the Dungeon)

   It affects your strength (+2).
   It greatly protects you from cold.
   It protects you from poison.
   It prevents most forms of teleportation.
Jewellery
 g - an uncursed ring of sustain attributes
 q - an uncursed amulet of resist mutation
 K - the ring "Kinuiney" (left hand) {+Fly rC+ Str+2}
   (You found it in a labyrinth)

   [ring of flight]

   It affects your strength (+2).
   It protects you from cold.
   It lets you fly.
 N - an uncursed amulet of warding
 U - an amulet of the gourmand (around neck)
 X - a +2 ring of slaying (right hand)
Wands
 h - a wand of paralysis (7)
 l - a wand of disintegration (23)
 y - a wand of digging (12)
 L - a wand of hasting (5)
Scrolls
 a - 11 scrolls of teleportation
 b - 3 scrolls of blinking
 m - 10 scrolls of remove curse
 n - 4 scrolls of recharging
 o - 2 scrolls of identify
Potions
 e - a potion of heal wounds
 f - a potion of berserk rage
 i - 7 potions of curing
 j - 7 potions of agility
 s - a potion of ambrosia
 w - a potion of cancellation
 z - 2 potions of might
Comestibles
 d - 36 fruits
 A - a bread ration


   Skills:
 - Level 19.6 Fighting
 - Level 17.0 Maces & Flails
 - Level 15.9 Armour
 - Level 15.6 Dodging
 - Level 5.6 Shields
 + Level 4.7 Evocations


You had 16 spell levels left.
You didn't know any spells.

Dungeon Overview and Level Annotations

Branches:
Dungeon (15/15)            Temple (1/1) D:5            Lair (8/8) D:9
 Shoals (3/4) Lair:4        Snake (0/4) Lair:6        Slime (0/6) Lair:7
    Orc (4/4) D:11            Elf (0/3) Orc:3        Vaults (0/5) D:13
 Depths (0/5) D:15

Altars:
Ashenzari
Cheibriados
Dithmenos
Elyvilon
Fedhas
Gozag
Kikubaaqudgha
Makhleb
Nemelex Xobeh
Okawaru
Qazlal
Ru
Sif Muna
Trog
Vehumet
Xom
Yredelemnul
Zin
The Shining One
Beogh

Shops:
D:7 *   D:9 [   Orc:1 *   Orc:4 *((

Portals:
Trove: D:10 (give 2 scrolls of acquirement)


Innate Abilities, Weirdness & Mutations

You reflexively headbutt those who attack you in melee.
You have a pair of horns on your head.
You have large cloven feet.
You are surrounded by a mild repulsion field (EV +2).
Your body sometimes deteriorates upon taking damage.
You are very frail (-20% HP).
You passively map a small area around you.
You are covered in fur (AC +1).
You can spit weak poison.
Your muscles are strong. (Str +2)


Message History

You headbutt the merfolk!!
The merfolk hits you from afar with a trident.
* * * LOW HITPOINT WARNING * * *
Unknown command.
You closely miss the merfolk javelineer.
You headbutt the merfolk javelineer!!
The merfolk javelineer is moderately wounded.
The merfolk javelineer throws a javelin of penetration.
The javelin of penetration pierces through you!
* * * LOW HITPOINT WARNING * * *
You hear a splash.
The merfolk hits you with a trident.
* * * LOW HITPOINT WARNING * * *
You barely miss the merfolk javelineer.
The merfolk javelineer is moderately wounded.
You feel yourself speed up. The merfolk completely misses you.
The merfolk javelineer throws a javelin of penetration.
The javelin of penetration pierces through you!!
You die...

≈ ≈
≈≈≈≈≈≈≈≈≈≈≈≈≈≈≈≈
≈
≈≈≈≈≈≈≈≈≈≈≈≈≈≈≈≈
, ,
≈≈≈≈≈≈≈≈≈≈≈≈≈≈≈≈
≈ ,
≈≈≈≈≈≈≈≈≈≈≈≈≈≈≈≈
≈ ≈ ,
≈≈≈≈≈≈≈≈≈≈≈≈≈≈≈.
≈≈
≈P≈≈≈≈≈≈≈≈((≈≈..
≈ ≈
≈≈≈≈≈≈m)(≈≈≈≈≈≈.
≈
≈≈≈≈≈mm@≈)≈≈((≈.
≈
≈≈≈≈≈..<)≈≈...≈.
≈ ≈ ≈
≈≈≈≈.##."≈.....≈
≈ ≈ ≈≈≈≈
*##.≈..#... ≈
≈≈≈, ,....## ..
≈≈≈≈ ≈≈≈.# ≈ , ≈
≈ ≈≈≈≈. , ≈ ≈ ≈
≈≈≈≈(.. , ≈≈≈...
, ≈


You could see a merfolk javelineer and 2 merfolk.

Vanquished Creatures
  Polyphemus (Shoals:2)
  Kirke (Lair:7)
  A frost giant (IceCv)
  An orc warlord (Orc:4)
  A salamander stormcaller (D:15)
  The ghost of krfreak the Cleaver, a journeyman DDBe of Trog (IceCv)
  Snorg (Lair:8)
  An ettin (D:15)
  A minotaur (Lab)
  4 vault guards (D:13)
  9 hydras
  19 death yaks
  Erica (Orc:1)
  A merfolk aquamancer (Shoals:1)
  The ghost of twist the Phalangite, a journeyman MfAr of Fedhas (D:10)
  2 centaur warriors
  2 ogre magi
  4 catoblepae
  3 tengu warriors
  Urug (Lair:2)
  6 orc high priests (Orc:4)
  Nergalle (Lair:3)
  7 sea snakes
  5 unseen horrors (D:14)
  A deep elf knight (D:15)
  5 hill giants
  An ice statue (IceCv)
  5 harpies (Shoals:1)
  A lindwurm (Lair:6)
  9 orc sorcerers
  5 orc knights
  4 cyclopes
  16 elephants
  7 fauns
  A toenail golem (Volcano)
  6 griffons
  3 sirens
  5 manticores
  5 water nymphs
  Joseph (D:7)
  A centaur zombie (D:11)
  A torpor snail (Lair:7)
  11 spiny frogs
  A gargoyle (D:13)
  A black mamba (Lair:8)
  12 komodo dragons
  An efreet (Volcano)
  A fire drake (Lair:8)
  2 yaktaurs (D:13)
  A kobold demonologist (D:13)
  2 red devils (Volcano)
  3 tengu conjurers
  3 freezing wraiths (D:15)
  16 polar bears (IceCv)
  6 merfolk
  5 trolls
  A snapping turtle (Shoals:1)
  A hornet zombie (D:15)
  5 slime creatures (D:13)
  17 blink frogs
  6 two-headed ogres
  A spriggan (D:8)
  2 wraiths
  2 shadows (Lab)
  3 wyverns
  3 deep elf magi
  A vampire (D:14)
  6 water elementals
  6 hippogriffs
  2 basilisks
  3 hungry ghosts
  77 yaks
  A mottled dragon (D:15)
  5 hogs (Lair:7)
  A warg (Orc:1)
  27 wolves
  2 nagas (Lair:6)
  4 sky beasts
  14 water moccasins
  43 orc warriors
  A hell hound (Volcano)
  5 black bears
  8 ice beasts
  4 porcupines
  7 boggarts (D:14)
  23 ogres
  2 eyes of draining (D:12)
  5 phantoms
  A necrophage (D:8)
  7 centaurs
  16 crocodiles
  3 big kobolds
  A wyvern zombie (D:12)
  A gnoll sergeant (D:6)
  22 giant frogs
  4 scorpions
  7 killer bees
  9 wights
  5 crimson imps
  29 orc wizards
  6 hounds
  6 centaur skeletons
  7 jellies
  Crazy Yiuf (D:7)
  29 orc priests
  8 iguanas
  11 worker ants
  4 giant frog skeletons
  Natasha (thrice) (D:4)
  18 sheep
  2 hound skeletons
  A worker ant zombie (D:5)
  Robin (D:2)
  16 gnolls
  14 adders
  50 river rats
  A shadow imp (D:5)
  An ooze (D:1)
  2 adder zombies
  4 worms
  An adder skeleton (D:5)
  8 giant geckos
  285 orcs
  10 giant cockroaches
  12 goblins
  17 hobgoblins
  5 jackals
  20 kobolds
  3 quokkas
  2 ball pythons
  17 bats
  2 giant gecko skeletons
  3 giant newts
  16 rats
  A fire vortex (D:15)
  9 fungi
  A plant (D:9)
1207 creatures vanquished.

Vanquished Creatures (others)
  A troll (D:15)
  An orc (Orc:3)
  21 fungi
  4 plants
27 creatures vanquished.

Grand Total: 1234 creatures vanquished

Notes
Turn   | Place    | Note
--------------------------------------------------------------
     0 | D:1      | Ordine the Minotaur Berserker began the quest for the Orb.
     0 | D:1      | Reached XP level 1. HP: 19/19 MP: 0/0
    80 | D:1      | Reached skill level 4 in Maces & Flails
    80 | D:1      | Reached XP level 2. HP: 21/26 MP: 1/1
   559 | D:1      | Reached skill level 5 in Maces & Flails
   607 | D:1      | Reached XP level 3. HP: 31/31 MP: 2/2
   881 | D:1      | Acquired Trog's second power
  1148 | D:2      | Reached XP level 4. HP: 23/39 MP: 3/3
  1407 | D:2      | Reached skill level 6 in Maces & Flails
  1419 | D:2      | Noticed Robin
  1431 | D:2      | Killed Robin
  1839 | D:2      | Found a burning altar of Makhleb.
  1839 | D:2      | Found a snail-covered altar of Cheibriados.
  1839 | D:2      | Found a glowing golden altar of the Shining One.
  1973 | D:2      | Found an iron altar of Okawaru.
  2248 | D:3      | Found a faded altar to an unknown god.
  2322 | D:3      | Found a blossoming altar of Fedhas.
  2477 | D:3      | Found a sparkling altar of Nemelex Xobeh.
  2478 | D:3      | Found an opulent altar of Gozag.
  2548 | D:3      | Reached XP level 5. HP: 45/45 MP: 4/4
  2720 | D:3      | Reached skill level 7 in Maces & Flails
  2983 | D:4      | Reached skill level 8 in Maces & Flails
  2992 | D:4      | Acquired Trog's third power
  2992 | D:4      | Reached XP level 6. HP: 35/51 MP: 5/5
  3191 | D:4      | Noticed Natasha
  3198 | D:4      | Killed Natasha
  3230 | D:4      | Noticed Natasha
  3234 | D:4      | Killed Natasha
  3243 | D:4      | Noticed Natasha
  3262 | D:4      | Killed Natasha
  3448 | D:4      | Reached skill level 9 in Maces & Flails
  3529 | D:4      | Found a white marble altar of Elyvilon.
  3532 | D:4      | Found a sacrificial altar of Ru.
  3535 | D:4      | Found an ancient bone altar of Kikubaaqudgha.
  3562 | D:5      | Entered Level 5 of the Dungeon
  3846 | D:5      | Found a staircase to the Ecumenical Temple.
  3854 | Temple   | Entered the Ecumenical Temple
  4039 | D:5      | Reached XP level 7. HP: 38/57 MP: 6/6
  4178 | D:5      | Reached skill level 10 in Maces & Flails
  4297 | D:5      | Got a translucent ring mail
  4308 | D:5      | Identified the +4 ring mail of the Republic {rPois MR+ MP+9 Stlth-} (You found it on level 5 of the Dungeon)
  4698 | D:6      | Gained mutation: You evolve. [potion of beneficial mutation]
  4773 | D:6      | Reached skill level 11 in Maces & Flails
  4777 | D:6      | Found a shattered altar of Ashenzari.
  4998 | D:6      | Reached XP level 8. HP: 48/64 MP: 7/7
  5542 | D:7      | Reached skill level 12 in Maces & Flails
  5550 | D:7      | Found Qudye's General Store.
  5565 | D:7      | Bought a scroll of identify for 28 gold pieces
  5565 | D:7      | Bought a scroll of identify for 28 gold pieces
  5589 | D:7      | Reached skill level 1 in Shields
  5670 | D:7      | Found a white marble altar of Elyvilon.
  5734 | D:7      | Reached skill level 5 in Shields
  5941 | D:7      | Noticed Joseph
  5970 | D:7      | Killed Joseph
  5970 | D:7      | Reached XP level 9. HP: 51/70 MP: 8/8
  6156 | D:7      | Found a deep blue altar of Sif Muna.
  6194 | D:7      | Reached skill level 5 in Armour
  6258 | D:7      | Reached skill level 5 in Dodging
  6678 | D:7      | Noticed Crazy Yiuf
  6683 | D:7      | Killed Crazy Yiuf
  7244 | D:8      | Received a gift from Trog
  7526 | D:8      | Reached XP level 10. HP: 77/77 MP: 9/9
  7998 | D:9      | Found Ywaptirph's Antique Armour Shoppe.
  8074 | D:9      | Found a staircase to the Lair.
  8539 | D:9      | Gained mutation: Your muscles are strong. (Str +2) [evolution]
  8727 | Lair:1   | Entered Level 1 of the Lair of Beasts
  8895 | Lair:1   | Reached skill level 10 in Armour
  9130 | Lair:1   | Reached skill level 5 in Fighting
  9488 | Lair:1   | Reached skill level 10 in Dodging
  9953 | Lair:1   | Reached XP level 11. HP: 50/91 MP: 10/10
 10260 | Lair:2   | Noticed Urug
 10276 | Lair:2   | Killed Urug
 10605 | Lair:2   | Found a dark tunnel.
 10615 | Volcano  | Entered a volcano
 10822 | Volcano  | Received a gift from Trog
 11337 | Lair:3   | Noticed an eight-headed hydra
 11346 | Lair:3   | Reached skill level 13 in Maces & Flails
 11349 | Lair:3   | Killed an eight-headed hydra
 11436 | Lair:3   | Reached skill level 14 in Maces & Flails
 11619 | Lair:3   | Reached XP level 12. HP: 83/97 MP: 11/11
 11713 | Lair:3   | Noticed Nergalle
 11729 | Lair:3   | Killed Nergalle
 12254 | Lair:4   | Got a steaming quarterstaff
 12260 | Lair:4   | Identified the cursed +1 quarterstaff of Resourcefulness {freeze, Str+4 Int+4 SInv} (You found it on level 4 of the Lair of Beasts)
 12313 | Lair:4   | Reached skill level 15 in Maces & Flails
 12504 | Lair:4   | Found a staircase to the Shoals.
 12948 | Lair:4   | You fall through a shaft!
 12994 | Lair:5   | Noticed a six-headed hydra
 13007 | Lair:5   | Killed a six-headed hydra
 13025 | Lair:5   | Noticed a six-headed hydra
 13031 | Lair:5   | Killed a six-headed hydra
 13036 | Lair:5   | Reached skill level 16 in Maces & Flails
 13135 | Lair:5   | Received a gift from Trog
 13136 | Lair:5   | Got a crude great sword {god gift}
 13230 | Lair:5   | Found a labyrinth entrance.
 13239 | Lab      | Entered a labyrinth
 13547 | Lab      | Noticed a minotaur
 13553 | Lab      | Killed a minotaur
 13580 | Lab      | Got a crude gossamer ring
 13861 | Lair:4   | Identified the ring "Kinuiney" {+Fly rC+ Str+2} (You found it in a labyrinth)
 13952 | Lair:5   | Upgraded the game from 0.17-a0-1954-g0dddeaa to 0.17-a0-1976-g482a304
 13988 | Lair:5   | Identified a +9 rod of destruction (13/13) (You found it in a labyrinth)
 14003 | Lair:5   | Gained mutation: You can translocate small distances at will. [potion of beneficial mutation]
 14353 | Lair:6   | Found a staircase to the Snake Pit.
 14371 | Lair:6   | Reached skill level 17 in Maces & Flails
 14401 | Lair:6   | Found a shimmering altar of Xom.
 15353 | Lair:7   | Noticed an eight-headed hydra
 15358 | Lair:7   | Noticed Kirke
 15359 | Lair:7   | Killed an eight-headed hydra
 15359 | Lair:7   | Reached XP level 13. HP: 99/111 MP: 12/12
 15415 | Lair:7   | Killed Kirke
 15415 | Lair:7   | Reached skill level 10 in Fighting
 15967 | Lair:7   | Found a staircase to the Slime Pits.
 16052 | Lair:7   | Gained mutation: You are partially covered in yellow scales (AC +2). [evolution]
 16058 | Lair:8   | Entered Level 8 of the Lair of Beasts
 16073 | Lair:8   | Received a gift from Trog
 16441 | Lair:8   | Received a gift from Trog
 16625 | Lair:8   | Identified the +8 great sword of Zouddai {venom, Int+7 SInv} (Trog gifted it to you on level 5 of the Lair of Beasts)
 16714 | Lair:8   | Reached skill level 15 in Fighting
 17018 | Lair:8   | Noticed Snorg
 17029 | Lair:8   | Killed Snorg
 17029 | Lair:8   | Reached XP level 14. HP: 129/135 MP: 13/13
 17734 | Lair:8   | Received a gift from Trog
 18345 | D:10     | Entered Level 10 of the Dungeon
 18793 | D:10     | Found a portal to a secret trove of treasure.
 19106 | D:10     | Noticed twist's ghost (journeyman MfAr)
 19117 | D:10     | Killed twist's ghost
 19412 | D:11     | Received a gift from Trog
 19428 | D:11     | Got a twisted shortbow
 19494 | D:11     | Identified the +7 shortbow of Tenacity {velocity, Dex+7 SInv} (You found it on level 11 of the Dungeon)
 19691 | D:11     | Found a staircase to the Orcish Mines.
 19864 | D:11     | Found a glowing golden altar of the Shining One.
 19953 | Orc:1    | Entered Level 1 of the Orcish Mines
 20047 | Orc:1    | Found Ioottatz's Incredible Inventory.
 20070 | Orc:1    | Bought a scroll of identify for 26 gold pieces
 20125 | Orc:1    | Noticed Erica
 20138 | Orc:1    | Killed Erica
 21135 | Orc:3    | Reached skill level 18 in Fighting
 21220 | Orc:3    | Received a gift from Trog
 21580 | Orc:4    | Entered Level 4 of the Orcish Mines
 21785 | Orc:3    | Found a staircase to the Elven Halls.
 21814 | Orc:3    | Found a roughly hewn altar of Beogh.
 22244 | Orc:4    | Received a gift from Trog
 22365 | Orc:4    | Noticed an orc warlord
 22371 | Orc:4    | Found a roughly hewn altar of Beogh.
 22376 | Orc:4    | Killed an orc warlord
 22450 | Orc:4    | Found Miuwol's Weapon Boutique.
 22519 | Orc:4    | Gained mutation: You are frail (-10% HP). [a neqoxec]
 22563 | Orc:4    | Received a gift from Trog
 22589 | Orc:4    | Identified a scroll of acquirement
 22646 | Orc:4    | Reached XP level 15. HP: 135/135 MP: 14/14
 22957 | Orc:4    | Found a roughly hewn altar of Beogh.
 23086 | Orc:4    | Found Guprom's Antique Weapon Boutique.
 23098 | Orc:4    | Found Iptil's Book Shop.
 23334 | Orc:4    | Found Tuovad's General Store.
 23365 | Orc:4    | Bought a scroll of identify for 34 gold pieces
 23394 | Orc:4    | Bought a +0 demon whip for 180 gold pieces
 23763 | D:9      | Bought a warped chain mail for 351 gold pieces
 23763 | D:9      | Bought a smoking chain mail for 351 gold pieces
 23763 | D:9      | Bought a pair of slimy boots for 351 gold pieces
 23773 | D:9      | Identified the +2 pair of boots of Hairiness {-Tele rPois rC++ Str+2} (You bought it in a shop on level 9 of the Dungeon)
 23784 | D:9      | Identified the cursed +1 chain mail of the Devil's Advocate {Regen+ SInv} (You bought it in a shop on level 9 of the Dungeon)
 23795 | D:9      | Identified the +7 chain mail of Vlad {Str+4} (You bought it in a shop on level 9 of the Dungeon)
 24013 | D:12     | Got a scorched dagger
 24014 | D:12     | Identified the +11 dagger of the Bear {pierce, rF+ Int+4 Dex-2} (You found it on level 12 of the Dungeon)
 24402 | D:12     | Got an ancient war axe
 24403 | D:12     | Identified the +6 war axe of Gehenna {chop, rF- rC+ rN+} (You found it on level 12 of the Dungeon)
 24474 | D:12     | Found a flagged portal.
 24487 | Bailey   | Entered a bailey
 24604 | Bailey   | Received a gift from Trog
 24809 | Bailey   | Reached skill level 19 in Fighting
 25671 | D:13     | Found a deep blue altar of Sif Muna.
 25809 | D:13     | Received a gift from Trog
 25810 | D:13     | Got a faintly glowing dire flail {god gift}
 25838 | D:13     | Identified the +9 dire flail of the Feather {freeze, +Fly Str+7 Dex+3} (Trog gifted it to you on level 13 of the Dungeon)
 25894 | D:13     | Found a gate to the Vaults.
 26310 | D:13     | Lost mutation: You can translocate small distances at will. [mutagenic meat]
 26311 | D:13     | Gained mutation: You are surrounded by a mild repulsion field (EV +2). [mutagenic meat]
 26324 | D:13     | Gained mutation: You have large cloven feet. [mutagenic meat]
 26644 | D:14     | Lost mutation: You evolve. [evolution]
 26934 | D:15     | Entered Level 15 of the Dungeon
 26994 | D:15     | Received a gift from Trog
 27103 | D:15     | Got an ichor-stained falchion
 27104 | D:15     | Identified the +11 falchion "Reshrooll" {slice, rPois rF+ rC+ Str-4} (You found it on level 15 of the Dungeon)
 27180 | D:15     | Found a staircase to the Depths.
 27249 | D:15     | Found a frozen archway.
 27255 | IceCv    | Entered an ice cave
 27259 | IceCv    | Noticed krfreak's ghost (journeyman DDBe)
 27266 | IceCv    | Killed krfreak's ghost
 27266 | IceCv    | Reached XP level 16. HP: 131/145 MP: 15/15
 27447 | IceCv    | Received a gift from Trog
 28570 | Lair:2   | Lost mutation: You are partially covered in yellow scales (AC +2). [potion of mutation]
 28570 | Lair:2   | Gained mutation: Your body sometimes deteriorates upon taking damage. [potion of mutation]
 28570 | Lair:2   | Gained mutation: You are very frail (-20% HP). [potion of mutation]
 28572 | Lair:2   | Reached skill level 15 in Armour
 28572 | Lair:2   | Reached XP level 17. HP: 135/135 MP: 16/16
 28615 | Shoals:1 | Entered Level 1 of the Shoals
 28640 | Shoals:1 | Got a fine dagger
 28641 | Shoals:1 | Identified the +11 dagger of Crystal {venom, rElec Int+4} (You found it on level 1 of the Shoals)
 28645 | Shoals:1 | Reached skill level 15 in Dodging
 29189 | Shoals:1 | Received a gift from Trog
 29190 | Shoals:1 | Got an ivory great mace {god gift}
 29191 | Shoals:1 | Identified the +12 great mace "Gieptah" {elec, rC+ Str+2} (Trog gifted it to you on level 1 of the Shoals)
 29325 | Shoals:2 | Gained mutation: You passively map a small area around you. [potion of mutation]
 29325 | Shoals:2 | Gained mutation: You can spit weak poison. [potion of mutation]
 29328 | Shoals:2 | Noticed Polyphemus
 29337 | Shoals:2 | Reached skill level 1 in Evocations
 29347 | Shoals:2 | Killed Polyphemus
 29503 | Shoals:2 | Gained mutation: You are covered in fur (AC +1). [potion of beneficial mutation]
 30276 | Shoals:3 | Hit by a javelin of penetration thrown by a merfolk javelineer

Vault maps used:
D:1:      saegor_arrival_simple_c
D:2:      lemuel_coloured_pillars_altar, gammafunk_temple_overflow_forgotten,
          uniq_robin
D:3:      grunt_temple_overflow_opulence, fedhas_altar_1, ecumenical_altar_1,
          first_bread
D:4:      grunt_temple_overflow_diamond, grunt_ministairs_7, uniq_natasha
D:5:      minmay_temple_entry_metal_lava
D:6:      evilmike_ruin_ashenzari, lexackson_kobold_supper
D:7:      serial_shops, nicolae_shop_waterfront, basic_altar, elyvilon_altar_5,
          uniq_joseph, uniq_crazy_yiuf_cottage
D:8:      grunt_ministairs_1, serial_park_tiny_2, the_bakery
D:9:      dpeg_oklobed_lair, serial_shops,
          nicolae_shop_competitors_out_of_business
D:10:     enter_trove_6
D:11:     hiddenorc1_lemuel, nicolae_tso_swordbearing_angel
D:12:     enter_bailey_8
D:13:     grunt_vaults_entry_fortified, basic_altar, minmay_fountain_box
D:14:     minivault_19, hangedman_batty
D:15:     hangedman_depths_entry_civil_slaughter,
          portal_ice_cave_entry_horrid_things
Temple:   temple_eino_lava_8
Lair:1:   columned_hall_lemuel, beast_lair_carwin_10
Lair:2:   nicolae_volcano_entry_hallway, uniq_urug
Lair:3:   grunt_forest_large_clearings, lemuel_fruit_tree, grunt_megastairs_4,
          uniq_nergalle
Lair:4:   shoals_dummy_entry
Lair:5:   lab_entry_generic, bh_autumn_forest_stairs
Lair:6:   guppyfry_snake_entry_garden, basic_altar, minivault_23
Lair:7:   dpeg_slime_entry_corner, uniq_kirke
Lair:8:   evilmike_catoblepas_cave, infiniplex_staircase_pool_2, uniq_snorg
Shoals:1: ldierk_geyser
Shoals:2: nicolae_shoals_arrival_archipelago, uniq_polyphemus
Shoals:3: nicolae_shoals_flooded_hall, uniq_aizul
Orc:1:    nicolae_alphabet_shops, uniq_erica
Orc:2:    lightli_orcish_oven
Orc:3:    basic_altar, nicolae_orc_pool_cavern
Orc:4:    pubby_orc_utopia, serial_shops
Lab:      labyrinth_hidden_loot, lab_hedge, nicolae_lab_do_over,
          nicolae_lab_big_swirl, nicolae_lab_flowing_pool, nicolae_lab_stuck,
          labyrinth_skeletal_remains, nicolae_lab_hexagon
Bailey:   bailey_polearm_1, bailey
IceCv:    ice_cave_caverns_01
Volcano:  volcano_pools

Action                   |  1- 3 |  4- 6 |  7- 9 | 10-12 | 13-15 | 16-18 || total
-------------------------+-------+-------+-------+-------+-------+-------++-------
Melee: Mace              |    79 |   215 |   163 |   375 |       |       ||   832
       Flail             |       |       |   152 |       |       |       ||   152
       Morningstar       |       |       |       |   364 |  1119 |       ||  1483
       Demon whip        |       |       |       |       |   190 |       ||   190
       Dire flail        |       |       |       |       |   182 |   217 ||   399
       Great mace        |       |       |       |       |       |    72 ||    72
Invok: Berserk           |       |     1 |     5 |     5 |     9 |     3 ||    23
       Burn Spellbooks   |       |     1 |     1 |     3 |     4 |     3 ||    12
       Trog's Hand       |       |       |       |     5 |     6 |       ||    11
 Abil: Evoke Flight      |       |       |       |       |     3 |     5 ||     8
       Spit Poison       |       |       |       |       |       |     1 ||     1
Evoke: Wand              |       |       |     1 |     2 |     2 |       ||     5
  Use: Scroll            |     4 |     7 |    11 |    11 |    18 |     5 ||    56
       Potion            |       |       |     2 |     2 |     8 |     7 ||    19
 Stab: Petrified         |       |       |       |       |     3 |     1 ||     4
       Petrifying        |       |       |       |       |     2 |       ||     2
  Eat: Chunk             |     1 |     6 |    17 |    27 |    60 |    14 ||   125
       Bread ration      |       |     1 |       |       |       |       ||     1
       Beef jerky        |       |       |       |     3 |       |       ||     3
       Pizza             |       |       |       |     1 |       |       ||     1
       Fruit             |       |       |       |       |     2 |       ||     2
